 Dungeon Crawl Stone Soup version 0.32-a0-350-g4f4d228785 (webtiles) character file.

Game seed: 183004347824800211

8881 pokeman the Thaumaturge (level 11, -9/62 HPs)
             Began as a Deep Elf Hedge Wizard on Feb 17, 2024.
             Was a Believer of Vehumet.
             Shot with a sling bullet by Joseph (18 damage)
             ... on level 10 of the Dungeon.
             The game lasted 00:28:04 (10149 turns).

pokeman the Thaumaturge (Deep Elf Hedge Wizard)    Turns: 10149, Time: 00:28:05

Health: -9/62      AC:  7    Str:  7    XL:     11   Next: 15%
Magic:  23/31      EV: 13    Int: 26    God:    Vehumet [**....]
Gold:   655        SH:  0    Dex: 14    Spells: 19/39 levels left

rFire   . . .        c - +3 arbalest "Jafiugo" {penet, Fly Int+2}
rCold   . . .        (shield currently unavailable)
rNeg    . . .        b - +0 robe
rPois   +            m - +0 helmet
rElec   .            y - +0 cloak
rCorr   .            (no gloves)
SInv    .            P - +2 pair of boots
Will    +....        f - amulet of regeneration
Stlth   ++           p - ring of poison resistance
HPRegen 1.10/turn    (no ring)
MPRegen 0.22/turn

%: no passive effects
@: flying
A: no striking features
a: Renounce Religion


You were on level 10 of the Dungeon.
You worshipped Vehumet.
Vehumet was pleased with you.
You visited 2 branches of the dungeon, and saw 11 of its levels.
You also visited: Sewer, Ossuary and Bailey.

You collected 655 gold pieces.

Inventory:

Hand Weapons
 c - the +3 arbalest "Jafiugo" (weapon) {penet, Fly Int+2}
   (You took it off a goblin on level 2 of the Dungeon)

   Int+2:     It affects your intelligence (+2).
   Fly:       It grants you flight.
 w - a +1 spear of venom
 x - a +3 quarterstaff of chaos
Missiles
 M - a curare-tipped dart
Armour
 b - a +0 robe (worn)
 m - a +0 helmet (worn)
 y - a +0 cloak (worn)
 A - +0 acid dragon scales
 P - a +2 pair of boots (worn)
 T - a scarf of invisibility
Jewellery
 f - an amulet of regeneration (around neck)
 p - a ring of poison resistance (left hand)
 N - an amulet of the acrobat
Wands
 q - a wand of flame (30)
 r - a wand of mindburst (6)
 O - a wand of charming (4)
Scrolls
 e - 4 scrolls of amnesia {unknown}
 h - 3 scrolls of fog {unknown}
 i - 9 scrolls of teleportation {unknown}
 j - 3 scrolls of immolation {unknown}
 k - 3 scrolls of revelation {unknown}
 n - 2 scrolls of brand weapon
 o - 3 scrolls of enchant armour
 t - 7 scrolls of enchant weapon
 u - 2 scrolls of identify {unknown}
 v - a scroll of vulnerability {unknown}
 z - 3 scrolls of noise {unknown}
 G - a scroll of poison {unknown}
 K - a scroll of blinking {unknown}
 L - a scroll of fear {unknown}
 S - a scroll of silence {unknown}
Potions
 a - a potion of ambrosia {unknown}
 d - a potion of magic
 g - a potion of enlightenment {unknown}
 l - 5 potions of heal wounds {unknown}
 s - 2 potions of lignification {unknown}
 B - 4 potions of curing {unknown}
 D - 7 potions of invisibility {unknown}
 E - 4 potions of might
 F - 3 potions of mutation {unknown}
 H - a potion of berserk rage {unknown}
 I - a potion of attraction {unknown}
 J - 2 potions of brilliance {unknown}
 Q - a potion of resistance {unknown}
 R - a potion of haste {unknown}


   Skills:
 + Level 4.9 Fighting
 - Level 4.0 Armour
 - Level 3.0 Dodging
 - Level 3.0 Stealth
 * Level 14.5 Spellcasting
 + Level 9.3 Conjurations
 - Level 1.1 Hexes
 - Level 1.1 Summonings
 - Level 1.1 Translocations
 - Level 2.0 Ice Magic
 + Level 6.8 Air Magic
 - Level 1.0 Alchemy
 - Level 1.1 Evocations


You had 19 spell levels left.
You knew the following spells:

 Your Spells              Type           Power      Damage    Failure   Level
a - Magic Dart            Conj           100%       1d8       1%          1
b - Mephitic Cloud        Conj/Alch/Air  48%        N/A       1%          3
c - Call Imp              Summ           48%        N/A       2%          2
d - Blink                 Tloc           48%        N/A       2%          2
e - Airstrike             Air            26%        2d(4-20)  1%          4
f - Freezing Cloud        Conj/Ice/Air   25%        6-21      7%          5
g - Tukima's Dance        Hex            24%        N/A       5%          3

Your spell library contained the following spells:

 Spells                   Type           Power      Damage    Failure   Level
 Freeze                   Ice            100%       1d10      1%          1
 Apportation              Tloc           48%        N/A       1%          1
 Shock                    Conj/Air       100%       1d9       1%          1
 Slow                     Hex            96%        N/A       1%          1
 Sting                    Conj/Alch      100%       1d9       1%          1
 Summon Small Mammal      Summ           96%        N/A       1%          1
 Cigotuvi's Dreadful Rot  Necr/Alch/Air  64%        N/A       1%          2
 Mercury Vapours          Alch/Air       78%        N/A       1%          2
 Swiftness                Air            53%        N/A       1%          3
 Ensorcelled Hibernation  Hex/Ice        54%        N/A       2%          2
 Jinxbite                 Hex            48%        N/A       2%          2
 Necrotise                Necr           72%        1d7       3%          1
 Frozen Ramparts          Ice            58%        1d9       3%          3
 Summon Ice Beast         Ice/Summ       27%        N/A       4%          3
 Fugue of the Fallen      Necr           18%        N/A       9%          3
 Passage of Golubria      Tloc           24%        N/A       19%         4
 Anguish                  Hex/Necr       10%        N/A       22%         4
 Alistair's Intoxication  Alch           16%        N/A       45%         5
 Summon Forest            Summ/Tloc      12%        N/A       45%         5
 Yara's Violent Unravell  Hex/Alch       12%        3d7       45%         5
 Enfeeble                 Hex            12%        N/A       100%        7
 Monstrous Menagerie      Summ           12%        N/A       100%        7


Dungeon Overview and Level Annotations

Branches:
Dungeon (10/15)            Temple (1/1) D:7             Orc (0/2) D:9
  Sewer (visited)         Ossuary (visited)          Bailey (visited)
   Lair: D:8-11

Altars:
Ashenzari
Cheibriados
Dithmenos
Elyvilon
Fedhas
Gozag
Hepliaklqana
Kikubaaqudgha
Makhleb
Nemelex Xobeh
Okawaru
Qazlal
Ru
Sif Muna
Trog
Uskayaw
Vehumet
Wu Jian
Xom
Yredelemnul
Zin
The Shining One

Annotations:
D:10 Joseph


Message History

You now have 655 gold pieces (gained 15).
You reach down and open the door.
There is an open door here.
Joseph, a Mercenary comes into view.
He is wielding a +0 quarterstaff.
Casting: Airstrike (dangerous; 1% risk of failure)
Confirm with . or Enter, or press ? or * to list all spells.
Aiming: Freezing Cloud (dangerous; 7% risk of failure)
Press: ? - help, Dir - move target Out of range.
Okay, then.
Casting: Freezing Cloud (dangerous; 7% risk of failure)
Confirm with . or Enter, or press ? or * to list all spells.
Aiming: Freezing Cloud (dangerous; 7% risk of failure)
Press: ? - help, Dir - move target You are engulfed in freezing vapours.
Joseph shouts!
Joseph is engulfed in freezing vapours.
You are engulfed in freezing vapours.
* * * LOW HITPOINT WARNING * * *
Joseph is engulfed in freezing vapours.
Joseph unwields a +0 quarterstaff.
Joseph wields a +0 heavy sling.
Joseph shoots a sling bullet.
The sling bullet hits you!
* * * LOW HITPOINT WARNING * * *
Casting: Freezing Cloud (dangerous; 7% risk of failure)
Confirm with . or Enter, or press ? or * to list all spells.
A tiny devil pulls itself out of the air.
Joseph is engulfed in freezing vapours.
Joseph shoots a sling bullet.
The sling bullet hits your cerulean imp!
You hear an angry buzzing noise.
Unknown command.
Joseph is engulfed in freezing vapours.
Joseph shoots a sling bullet.
The sling bullet hits your cerulean imp!!
Your cerulean imp dies!
Your cerulean imp disappears in a puff of smoke!
Casting: Call Imp (safe; 2% risk of failure)
Confirm with . or Enter, or press ? or * to list all spells.
A tiny devil pulls itself out of the air.
Joseph is engulfed in freezing vapours.
Joseph shoots a sling bullet.
The sling bullet hits you!!
You die...

..#......#####
..#......#
..#......######
..#...........#
..#.....#####.#
..#.....#
#.####
###....<#
#..5.#
........#
####.#
.#...#.## #@#
#...#.# #§#
..#.#..# #§#
...#...# #☼#
..# #..# #§#
.#. #§# #○# #@#
#.#


You could see Joseph (ally target) and a friendly cerulean imp (summoned).

Vanquished Creatures
  An orc knight (Bailey)
  3 dancing weapons
  An ugly thing (D:8)
  Jeremiah (D:6)
  Grinder (D:3)
  Sigmund (D:6)
  A wyvern (D:8)
  11 yaks
  A steam dragon (D:8)
  A water moccasin (D:7)
  A sky beast (D:6)
  Pargi (Sewer)
  13 orc warriors
  A swamp drake (D:9)
  3 ice beasts
  3 ogres
  4 centaurs
  3 kobold brigands
  A phantom (D:6)
  A weeping skull (Ossuary)
  2 bullfrogs
  2 brain worms (Sewer)
  A wight (D:9)
  4 scorpions
  4 killer bees (D:9)
  2 howler monkeys
  7 electric eels (D:7)
  3 centaur zombies (Ossuary)
  A spectral scorpion (Ossuary)
  2 human zombies (Ossuary)
  4 jellies
  6 orc priests
  A bombardier beetle (D:5)
  2 hounds
  Crazy Yiuf (D:3)
  Jessica (D:2)
  3 iguanas
  6 orc wizards
  Natasha (thrice) (D:2)
  A crocodile zombie (Ossuary)
  A hound zombie (Ossuary)
  3 mummies (Ossuary)
  Robin (D:2)
  3 gnolls (D:5)
  7 adders
  A ribbon worm zombie (D:6)
  2 ufetubi (D:6)
  2 adder zombies (Ossuary)
  4 dart slugs
  8 ribbon worms
  46 orcs
  2 bats
  4 endoplasms
  2 giant cockroaches
  2 gnoll zombies (Ossuary)
  15 goblins
  11 hobgoblins
  2 jackals (D:1)
  18 kobolds
  2 quokkas
  5 ball pythons
  2 ball python zombies (Ossuary)
  4 frilled lizards
  A hobgoblin zombie (D:6)
  6 jackal zombies (Ossuary)
  7 kobold zombies
  2 orc zombies (Ossuary)
  2 rats
274 creatures vanquished.

Vanquished Creatures (collateral kills)
  4 wights (D:9)
  A killer bee (D:9)
  A rat (D:3)
6 creatures vanquished.

Vanquished Creatures (others)
  A killer bee (D:9)
1 creature vanquished.

Grand Total: 281 creatures vanquished

Notes
Turn   | Place    | Note
-------+----------+-------------------------------------------
     0 | D:1      | pokeman the Deep Elf Hedge Wizard began the quest for the
                  | Orb.
     0 | D:1      | Reached XP level 1. HP: 10/10 MP: 7/7
   214 | D:1      | Reached XP level 2. HP: 16/16 MP: 3/9
   312 | D:1      | Found a faded altar of an unknown god.
   609 | D:1      | Reached skill level 5 in Spellcasting
   682 | D:1      | Reached XP level 3. HP: 20/20 MP: 5/11
   686 | D:1      | Learned a level 3 spell: Mephitic Cloud
   689 | D:1      | Learned a level 2 spell: Call Imp
   692 | D:1      | Learned a level 2 spell: Blink
   907 | D:2      | Noticed Robin
   927 | D:2      | Killed Robin
   928 | D:2      | Reached skill level 1 in Armour
   946 | D:2      | Reached skill level 1 in Fighting
  1225 | D:2      | Reached XP level 4. HP: 14/25 MP: 3/13
  1299 | D:2      | Identified the +3 arbalest "Jafiugo" {penet, Fly Int+2}
  1306 | D:2      | Noticed Jessica
  1311 | D:2      | Killed Jessica
  1396 | D:2      | Found a sparkling altar of Nemelex Xobeh.
  1490 | D:2      | Noticed Natasha
  1505 | D:2      | Killed Natasha
  1506 | D:2      | Reached skill level 6 in Spellcasting
  1506 | D:2      | Reached XP level 5. HP: 23/29 MP: 7/15
  1605 | D:2      | Noticed Natasha
  1612 | D:2      | Killed Natasha
  1805 | D:2      | Noticed Natasha
  1809 | D:2      | Killed Natasha
  1960 | D:3      | Found a glowing drain.
  1980 | Sewer    | Entered a sewer
  1989 | Sewer    | Reached XP level 6. HP: 35/35 MP: 15/17
  2016 | Sewer    | Noticed Pargi
  2020 | Sewer    | Killed Pargi
  2021 | Sewer    | Reached skill level 7 in Spellcasting
  2356 | D:3      | Noticed Grinder
  2368 | D:3      | Killed Grinder
  2369 | D:3      | Reached skill level 5 in Conjurations
  2369 | D:3      | Reached XP level 7. HP: 29/40 MP: 17/19
  2724 | D:3      | Found a runed translucent door.
  2725 | D:3      | Noticed Crazy Yiuf
  2921 | D:3      | Killed Crazy Yiuf
  3345 | D:4      | Reached skill level 1 in Air Magic
  3345 | D:4      | Reached skill level 1 in Alchemy
  3345 | D:4      | Reached skill level 1 in Evocations
  3537 | D:5      | Entered Level 5 of the Dungeon
  3548 | D:5      | Reached skill level 8 in Spellcasting
  3591 | D:5      | Reached XP level 8. HP: 45/45 MP: 18/22
  3703 | D:5      | Got Vuanilo's Excursus on the Band and the Chill
  3751 | D:5      | Reached skill level 9 in Spellcasting
  3865 | D:5      | Learned a level 4 spell: Airstrike
  4489 | D:6      | Noticed Jeremiah
  4539 | D:6      | HP: 1/46 [ice beast (14)]
  4544 | D:6      | Reached skill level 10 in Spellcasting
  4600 | D:6      | Found a sand-covered staircase.
  4615 | Ossuary  | Entered an ossuary
  4825 | Ossuary  | Reached XP level 9. HP: 43/46 MP: 1/25
  5382 | D:6      | Reached skill level 11 in Spellcasting
  5560 | D:6      | Killed Jeremiah
  5705 | D:6      | Noticed Sigmund
  5712 | D:6      | Killed Sigmund
  6038 | D:7      | Found a staircase to the Ecumenical Temple.
  6048 | Temple   | Entered the Ecumenical Temple
  6069 | Temple   | Became a worshipper of Vehumet
  6237 | D:7      | Reached skill level 12 in Spellcasting
  6397 | D:7      | Identified the +1 ring mail "Imeem" {Int+2}
  6699 | D:7      | Reached XP level 10. HP: 56/56 MP: 19/28
  7239 | D:8      | Noticed a red ugly thing
  7246 | D:8      | Killed a red ugly thing
  7247 | D:8      | Reached skill level 5 in Air Magic
  7412 | D:8      | Found a flagged portal.
  7414 | D:8      | Reached * piety under Vehumet
  7414 | D:8      | Offered knowledge of Sandblast by Vehumet.
  7428 | Bailey   | Entered a bailey
  7435 | Bailey   | Learned a level 5 spell: Freezing Cloud
  7439 | Bailey   | Learned a level 3 spell: Tukima's Dance
  7532 | Bailey   | Reached skill level 13 in Spellcasting
  7610 | Bailey   | Reached skill level 1 in Hexes
  7614 | Bailey   | Reached skill level 1 in Ice Magic
  7637 | Bailey   | Noticed an orc knight
  7724 | Bailey   | Killed an orc knight
  7987 | D:8      | Reached ** piety under Vehumet
  8347 | D:8      | Found a sparkling altar of Nemelex Xobeh.
  8660 | D:9      | Offered knowledge of Freeze by Vehumet.
  8662 | D:9      | Reached skill level 14 in Spellcasting
  8740 | D:9      | Reached XP level 11. HP: 62/62 MP: 31/31
  8994 | D:9      | Identified the +0 plate armour of Heresy {^Drain rPois
                  | rCorr}
  9064 | D:9      | Found an ornate altar of the Wu Jian Council.
  9228 | D:9      | Identified the +0 scale mail "Myqyoxzo" {SInv}
  9393 | D:9      | Found a stormy altar of Qazlal.
  9765 | D:9      | Found a staircase to the Orcish Mines.
 10016 | D:10     | Entered Level 10 of the Dungeon
 10140 | D:10     | Noticed Joseph
 10143 | D:10     | HP: 3/62 [Joseph/sling bullet (15)]
 10149 | D:10     | Shot with a sling bullet by Joseph

Illustrated notes

Levels and vault maps discovered:
D:1:      amcnicky_arrival_feature_with_door, layout_basic,
          hellmonk_ecumenical_altar_dog_temple, nicolae_twisty_statue_hallways
D:2:      layout_basic, basic_altar, hangedman_glass_teeth, uniq_robin,
          uniq_natasha, uniq_jessica
D:3:      layout_basic, cheibrodos_sewer_entry_sluice, uniq_grinder,
          uniq_crazy_yiuf_cottage
D:4:      layout_loops_cross
D:5:      layout_cave_pools, sigmund_army
D:6:      minmay_thick_lines, layout_cave_pods, serial_column_ruins,
          column_ruins_circle_large, column_ruins_grid_4, column_ruins_grid_1,
          column_ruins_corridor_dead_end, column_ruins_columns_straight,
          column_ruins_columns_dead_end, column_ruins_grid_3,
          column_ruins_open_small, enter_ossuary_3, dreamdust_mushroom_princess,
          uniq_sigmund, uniq_jeremiah
D:7:      layout_loops_ring, temple_fountains, serial_bayou,
          serial_bayou_pond_d, serial_bayou_lake_a, serial_bayou_pond_c,
          serial_bayou_crossing
D:8:      layout_basic, nemelex_diamond_rough_becter, enter_bailey_5
D:9:      layout_roguey, mainiacjoe_overflow_alcove_1, amcnicky_altar_gilded,
          erik_orc_1
D:10:     layout_irregular_city, due_lair_maze_entry_diamond,
          nicolae_twisting_strands, uniq_josephine, uniq_joseph
Temple:   hellmonk_temple_of_storms

Skill      XL: |  1  2  3  4  5  6  7  8  9 10 |
---------------+-------------------------------+-----
Spellcasting   | 5 6 7 8 10 12 14 | 14.5
Armour         | 1 2 3 4 |  4.0
Fighting       | 1 2 3 4 |  4.9
Conjurations   | 2 3 5 6 7 9 |  9.3
Dodging        | 3 |  3.0
Stealth        | 3 |  3.0
Air Magic      | 1 2 4 6 |  6.8
Alchemy        | 1 |  1.0
Evocations     | 1 |  1.1
Hexes          | 1 |  1.1
Ice Magic      | 2 |  2.0
Summonings     | |  1.1
Translocations | |  1.1

Action                     |  1- 3 |  4- 6 |  7- 9 | 10-12 || total
---------------------------+-------+-------+-------+-------++-------
  Melee: Dagger            |    45 |       |       |       ||    45
   Fire: Arbalest          |       |    75 |   277 |   121 ||   473
   Cast: Magic Dart        |    69 |     6 |    52 |    12 ||   139
         Mephitic Cloud    |     3 |     5 |    10 |    14 ||    32
         Blink             |       |     3 |     2 |       ||     5
         Call Imp          |       |     1 |     2 |     2 ||     5
         Airstrike         |       |       |    31 |    16 ||    47
         Freezing Cloud    |       |       |       |    15 ||    15
         Tukima's Dance    |       |       |       |    15 ||    15
   Stab: Confused          |     4 |       |       |       ||     4
 Armour: Robe              |    35 |    21 |   167 |    68 ||   291
  Dodge: Dodged            |    28 |    14 |   168 |    43 ||   253

Table legend: (Time is in decaauts)
 A = Elapsed time spent in this place.
 B = Non-inter-level travel time spent in this place.
 C = Inter-level travel time spent in this place.
 D = Time resting spent in this place.
 E = Time spent auto-exploring this place.
 F = Levels seen in this place.
 G = Mean time per level.
                   A        B        C        D        E       F      G
               +--------+--------+--------+--------+--------+-----+--------+
         Total |  10570 |  10226 |    344 |    168 |   7636 |  14 |  755.0 |
       Dungeon |   9161 |   8857 |    304 |     49 |   6820 |  10 |  916.1 |
        Temple |     42 |      2 |     40 |      0 |      0 |   1 |   42.0 |
         Sewer |    203 |    203 |      0 |     19 |    132 |   1 |  203.0 |
       Ossuary |    668 |    668 |      0 |      0 |    440 |   1 |  668.0 |
        Bailey |    495 |    495 |      0 |    100 |    244 |   1 |  495.0 |
               +--------+--------+--------+--------+--------+-----+--------+

Top non-repeatable levels by time:
     D:9: 1430 daAuts
     D:6: 1233 daAuts
     D:2: 1114 daAuts
     D:8: 1089 daAuts
     D:7: 1082 daAuts
     D:3: 872 daAuts
     D:1: 857 daAuts
     D:5: 775 daAuts
 Ossuary: 668 daAuts
     D:4: 574 daAuts
  Bailey: 495 daAuts
   Sewer: 203 daAuts
    D:10: 132 daAuts
  Temple: 42 daAuts
